 Dungeon Crawl Stone Soup version 0.25-a0-265-g7af84ae0ac (webtiles) character file.

Game seed: 9712849810118985942, levelgen mode: deterministic

199269 floatRand the Hand of Fortune (level 17, -3/115 HPs)
             Began as a Demonspawn Fighter on Dec 7, 2019.
             Was the Champion of Nemelex Xobeh.
             Slain by a deep troll simulacrum (5 damage)
             ... while petrified by a basilisk
             ... on level 1 of the Vaults.
             The game lasted 01:09:41 (37767 turns).

floatRand the Hand of Fortune (Demonspawn Fighter) Turns: 37767, Time: 01:09:42

Health: -3/115     AC: 27    Str: 17    XL:     17   Next: 84%
Magic:  0/39       EV:  2    Int: 11    God:    Nemelex Xobeh [******]
Gold:   1912       SH:  0    Dex: 18    Spells: 16/16 levels left

rFire    + . .     SeeInvis +   d - +9 trident (freeze)
rCold    + . .     Gourm    .   j - +2 large shield {AC+3}
rNeg     + + +     Faith    .   M - +5 swamp dragon scales
rPois    ∞         Spirit   +   e - +2 helmet {SInv}
rElec    +         Reflect  .   E - scarf {repulsion}
rCorr    .         Harm     .   N - +0 pair of gloves of the Lair of Beasts {+Inv MR+}
MR       ++...                  X - +0 pair of boots {Stlth+}
Stlth    +++++.....             p - amulet "Fank" {+Rage rElec MP+9}
HPRegen  0.29/turn              L - +6 ring of slaying
MPRegen  0.52/turn              S - ring of Fuskootz {rF+ rC+}

@: petrified, slowed, studying Shields, repel missiles
A: talons 2, molten scales 2, foul stench 1, magic shield, magic regeneration,
magic link, rot immunity
}: 1/15 runes: barnacled
a: Draw Escape, Draw Destruction, Draw Summoning, Triple Draw, Deal Four, Stack
Five, Renounce Religion, Evoke Berserk Rage, Evoke Invisibility


You were on level 1 of the Vaults.
You worshipped Nemelex Xobeh.
Nemelex Xobeh was exalted by your worship.
You were not hungry.

You visited 7 branches of the dungeon, and saw 30 of its levels.
You also visited: Trove, Bailey, Gauntlet and Ice Cave.

You collected 3877 gold pieces.
You spent 1965 gold pieces at shops.

Inventory:

Hand Weapons
 d - a +9 trident of freezing (weapon)
 D - a +5 demon trident of freezing
 K - the +9 trident "Eboynoh" {pierce, -Tele Dex+5}
   (You bought it in a shop on level 8 of the Dungeon)

   It inflicts extra damage upon your enemies.
   It affects your dexterity (+5).
   It prevents most forms of teleportation.
Missiles
 F - 12 throwing nets (quivered)
Armour
 c - the +2 hat of Recklessness {rN+++ Str-5}
   (You found it in a treasure trove)

   It affects your strength (-5).
   It renders you almost immune to negative energy.
 e - a +2 helmet of see invisible (worn)
 j - a +2 large shield of protection (worn)
 E - a scarf of repulsion (worn)
 M - +5 swamp dragon scales (worn)
 N - the +0 pair of gloves of the Lair of Beasts (worn) {+Inv MR+}
   (You found it on level 3 of the Lair of Beasts)

   It affects your resistance to hostile enchantments.
   It lets you turn invisible.
 X - a +0 pair of boots of stealth (worn)
Jewellery
 a - the amulet "Eguxula" {Acrobat *Corrode MP+9 Slay+3}
   (You found it on level 15 of the Dungeon)

   [amulet of the acrobat]

   It helps you evade while moving and waiting.
   It affects your accuracy and damage with ranged weapons and melee attacks
   (+3).
   It affects your magic capacity (+9).
   It may corrode you when you take damage.
 p - the amulet "Fank" (around neck) {+Rage rElec MP+9}
   (You found it in a treasure trove)

   [amulet of rage]

   It insulates you from electricity.
   It affects your magic capacity (+9).
   It lets you go berserk.
 r - a +3 ring of slaying
 t - a +3 ring of intelligence {unknown}
 u - an uncursed ring of protection from cold {unknown}
 y - an uncursed ring of protection from magic
 J - a +2 ring of intelligence {unknown}
 L - a +6 ring of slaying (left hand)
 R - the ring "Cempeg" {+Fly Int+3 Dex+4}
   (You found it on level 4 of the Shoals)

   [ring of flight]

   It affects your intelligence (+3).
   It affects your dexterity (+4).
   It lets you fly.
 S - the ring of Fuskootz (right hand) {rF+ rC+}
   (You found it on level 6 of the Lair of Beasts)

   [ring of protection from cold]

   It protects you from fire.
   It protects you from cold.
Wands
 q - a wand of clouds (6)
 s - a wand of digging (3)
 z - a wand of iceblast (38)
 A - a wand of acid (19)
 G - a wand of paralysis (28)
 T - a wand of disintegration (5)
Scrolls
 g - 11 scrolls of remove curse
 h - 7 scrolls of fear
 i - 3 scrolls of silence
 k - 2 scrolls of teleportation
 l - 6 scrolls of magic mapping
 m - 3 scrolls of enchant armour
 x - 6 scrolls of fog
 O - a scroll of identify
 Z - a scroll of summoning
Potions
 b - a potion of flight
 n - a potion of heal wounds
 o - 14 potions of curing
 v - 9 potions of haste
 w - 4 potions of might
 C - 3 potions of invisibility
 H - 2 potions of cancellation
 I - a potion of resistance
 Q - 5 potions of agility
 U - 2 potions of magic
 W - 5 potions of mutation
 Y - 3 potions of berserk rage
Books
 V - a manual of Shields
Miscellaneous
 B - 2 boxes of beasts
Comestibles
 f - 50 rations
 P - 19 chunks of flesh


   Skills:
 + Level 5.4 Fighting
 - Level 14.2 Polearms
 + Level 10.0 Armour
 + Level 9.6 Dodging
 - Level 10.8 Stealth
 + Level 14.7 Shields
 + Level 19.4 Invocations
 + Level 1.6 Evocations


You had 16 spell levels left.
You didn't know any spells.
Your spell library contained the following spells:

 Spells                   Type           Power        Failure   Level  Hunger
 Confusing Touch          Hex            #.....       91%         1    ##.....
 Foxfire                  Conj/Fire      #...         91%         1    ##.....
 Freeze                   Ice            #...         91%         1    ##.....
 Summon Small Mammal      Summ           #...         91%         1    ##.....
 Blink                    Tloc           N/A          97%         2    ###....
 Call Imp                 Summ           #.......     97%         2    ###....
 Corpse Rot               Necr/Air       N/A          97%         2    ###....
 Ensorcelled Hibernation  Hex/Ice        #.....       97%         2    ###....
 Shroud of Golubria       Chrm/Tloc      #.....       97%         2    ###....
 Call Canine Familiar     Summ           #.......     100%        3    ####...
 Confuse                  Hex            #.......     100%        3    ####...
 Conjure Flame            Conj/Fire      #.......     100%        3    ####...
 Gell's Gravitas          Tloc           #.........   100%        3    ####...
 Inner Flame              Hex/Fire       #.......     100%        3    ####...
 Lesser Beckoning         Tloc           #.........   100%        3    ####...
 Ozocubu's Armour         Chrm/Ice       #.......     100%        3    ####...
 Static Discharge         Conj/Air       #.......     100%        3    ####...
 Summon Guardian Golem    Hex/Summ       #.......     100%        3    ####...
 Teleport Other           Tloc           #.......     100%        3    ####...
 Hailstorm                Conj/Ice       #.......     100%        4    #####..
 Leda's Liquefaction      Hex/Erth       #.........   100%        4    #####..
 Passage of Golubria      Tloc           N/A          100%        4    #####..
 Petrify                  Tmut/Erth      #.......     100%        4    #####..
 Sticky Flame             Conj/Fire      #.......     100%        4    #####..
 Summon Ice Beast         Ice/Summ       #.......     100%        4    #####..
 Summon Lightning Spire   Summ/Air       #.......     100%        4    #####..
 Bolt of Magma            Conj/Fire/Erth #.........   100%        5    ######.
 Borgnjor's Vile Clutch   Necr/Erth      #.........   100%        5    ######.
 Fireball                 Conj/Fire      #.........   100%        5    ######.
 Iskenderun's Battlesphe  Conj/Chrm      #.......     100%        5    ######.
 Lightning Bolt           Conj/Air       #.........   100%        5    ######.
 Metabolic Englaciation   Hex/Ice        #.........   100%        5    ######.
 Silence                  Hex/Air        #.........   100%        5    ######.
 Yara's Violent Unravell  Hex/Tmut       #.........   100%        5    ######.
 Darkness                 Hex            #.........   100%        6    #######
 Iron Shot                Conj/Erth      #.........   100%        6    #######
 Shadow Creatures         Summ           N/A          100%        6    #######
 Orb of Destruction       Conj           #.........   100%        7    #######
 Spellforged Servitor     Conj/Summ      #.........   100%        7    #######
 Disjunction              Tloc           #.........   100%        8    #######
 Ignition                 Fire           #.........   100%        8    #######


Dungeon Overview and Level Annotations

Branches:
Dungeon (15/15)            Temple (1/1) D:7            Lair (6/6) D:9
 Shoals (4/4) Lair:4        Snake (1/4) Lair:4        Slime (0/5) Lair:6
    Orc (2/2) D:10            Elf (0/3) Orc:2        Vaults (1/5) D:14
 Depths (0/5) D:15         Bailey (visited)           IceCv (visited)
Gauntlet (visited)

Altars:
Ashenzari
Cheibriados
Dithmenos
Elyvilon
Fedhas
Gozag
Hepliaklqana
Kikubaaqudgha
Makhleb
Nemelex Xobeh
Okawaru
Qazlal
Ru
Sif Muna
Trog
Uskayaw
Vehumet
Wu Jian
Xom
Yredelemnul
Zin
The Shining One

Shops:
D:8 (   D:10 [   Orc:2 (*(!   Vaults:1 ?

Annotations:
D:7 3 runed translucent doors, grouchysmurf's ghost, novice OgTm
D:12 2 transporters, floatRand's ghost, novice DsFi


Innate Abilities, Weirdness & Mutations

You have razor-sharp toenails.
You are mostly covered in molten scales. (AC +3)
You may emit foul miasma when damaged in melee.
When hurt, damage is shared between your health and your magic reserves.
You regenerate magic rapidly.
When low on magic, you restore magic in place of health.
You are immune to rotting.


Message History

The deep elf knight looks even sicker.
You kill the deep elf knight!
The basilisk bites you.
* * * LOW HITPOINT WARNING * * *
The wraith hits you but does no damage.
The deep troll simulacrum barely misses you.
The deep troll simulacrum claws you!
* * * LOW HITPOINT WARNING * * *
The deep troll simulacrum freezes you! You resist.
* * * LOW HITPOINT WARNING * * *
The deep troll simulacrum claws you but does no damage.
The basilisk changes into a black mamba!
The wraith hits you but does no damage.
The deep troll simulacrum completely misses you.
The deep troll simulacrum claws you but does no damage.
The deep troll simulacrum claws you.
* * * LOW HITPOINT WARNING * * *
The deep troll simulacrum freezes you! You resist.
You die...
Your body glows with a rainbow of weird colours and disappears.

############..##.#.#.#.#
#..#..#.#.#..
#..###'.#.'##
#..#....'....
#..####'###'#
#..#....#....
####..####.'.###
#######..+..#..#.#.+..
#...Z@#..#..##.'.+.#.#
#...S○W..#..##########
#.....#..#....
#.....#..#.....
#.!#+#####....... #..
#.....## #. .....# ##


You could see a black mamba shaped shifter, a wraith and a deep troll
simulacrum.

Vanquished Creatures
  Rupert (D:14)
  The ghost of skk the Peltast, an adept FoFi of Okawaru (Shoals:4)
  Polyphemus (Shoals:4)
  Agnes (D:14)
  A kraken (Shoals:3)
  A storm dragon (Vaults:1)
  The ghost of zhorgal the Severer, an adept MiFi of Ru (Shoals:4)
  Roxanne (Shoals:4)
  Ilsuiw (Shoals:3)
  A fire giant (Lair:5)
  The ghost of Iscandelvey the Lord of Darkness, an adept DsAM of Kikubaaqudgha (Shoals:4)
  A frost giant (Shoals:4)
  A vault warden (Vaults:1)
  A ghost moth (Shoals:4)
  An ironheart preserver (D:14)
  2 minotaurs
  A spark wasp (D:11)
  8 merfolk impalers (Shoals:4)
  4 merfolk javelineers
  The ghost of semitonal the Destroyer, a journeyman DsFE of Vehumet (D:10)
  3 yaktaur captains
  3 ogre magi
  A great orb of eyes (Vaults:1)
  Harold (Lair:1)
  6 hydras
  Erolcha (D:13)
  3 centaur warriors
  4 alligator snapping turtles
  A merfolk avatar (Shoals:4)
  A hell beast (Gauntlet)
  2 ice dragons
  A queen ant (Shoals:4)
  2 anacondas
  2 catoblepae
  A satyr (Shoals:2)
  12 two-headed ogres
  2 merfolk aquamancers (Shoals:4)
  10 death yaks
  2 deep troll shamans
  A tengu warrior (D:14)
  Urug (Lair:2)
  A deep elf knight (Vaults:1)
  Nergalle (Lair:1)
  A fire crab (Shoals:4)
  4 skeletal warriors (D:15)
  A swamp dragon (Lair:3)
  3 unseen horrors
  A glowing orange brain (Vaults:1)
  2 deep trolls (D:14)
  A wizard (D:15)
  10 sea snakes
  2 orc knights
  22 harpies
  Pikel (D:5)
  A wolf spider zombie (D:13)
  3 deep elf magi
  2 mana vipers (Lair:4)
  19 ugly things
  4 fauns
  9 cyclopes
  11 manticores
  7 elephants
  An elephant (shapeshifter) (D:10)
  5 merfolk sirens
  A naga mage (Lair:4)
  A vault sentinel (Vaults:1)
  3 gargoyles
  Joseph (D:7)
  3 ice statues (IceCv)
  Maurice (D:12)
  2 eyes of devastation (Shoals:2)
  8 black mambas
  8 water nymphs
  10 spiny frogs
  2 rime drakes
  A kobold demonologist (D:13)
  4 komodo dragons
  4 yaktaurs
  A tengu conjurer (D:14)
  2 ice devils (Gauntlet)
  5 wind drakes
  A meliai (Shoals:2)
  26 merfolk
  5 polar bears
  4 trolls
  A guardian mummy (D:12)
  A hornet (Vaults:1)
  Prince Ribbit (D:7)
  23 blink frogs
  8 hippogriffs
  10 slime creatures
  8 snapping turtles
  9 dream sheep
  A raiju (Shoals:4)
  Sigmund (D:2)
  10 water elementals
  A vampire (D:13)
  2 wraiths (D:15)
  2 wyverns
  A shadow (D:12)
  51 yaks
  5 hogs
  2 neqoxecs (D:10)
  2 humans
  2 hungry ghosts
  2 vampire mosquitoes (D:14)
  6 basilisks
  3 wargs
  Edmund (D:4)
  2 soldier ants
  2 acid dragons
  7 water moccasins
  5 porcupines
  10 ice beasts
  2 sky beasts
  36 orc warriors
  An eye of draining (Shoals:2)
  5 black bears
  18 ogres
  A hornet zombie (D:13)
  25 wolves
  3 phantoms
  4 crocodiles
  19 centaurs
  A crocodile (shapeshifter) (D:10)
  5 big kobolds
  17 bullfrogs
  4 earth elementals (D:13)
  3 scorpions
  2 wyvern skeletons
  9 killer bees
  10 howler monkeys
  15 wights
  4 electric eels
  3 jellies
  2 centaur zombies
  6 crimson imps
  A quasit (D:9)
  6 hounds
  13 orc priests
  4 bullfrog skeletons
  A hell rat (Lair:2)
  5 iguanas
  16 orc wizards
  11 worker ants
  A centaur simulacrum (D:8)
  2 hound skeletons (D:11)
  A howler monkey skeleton (D:4)
  7 adders
  5 gnolls
  7 river rats (Lair:2)
  4 shadow imps
  7 white imps
  A worker ant simulacrum (D:8)
  An ufetubus (D:8)
  3 oozes
  An ooze (shapeshifter) (D:10)
  An adder zombie (D:6)
  3 dart slugs
  4 leopard geckos
  83 orcs
  A ball python (D:2)
  8 bats
  5 giant cockroaches
  10 goblins
  8 hobgoblins
  6 jackals
  40 kobolds
  3 quokkas
  4 frilled lizards
  A jackal skeleton (D:4)
  A leopard gecko skeleton (D:7)
  14 rats
  3 fungi
  2 plants
  4 tentacles (Shoals:3)
968 creatures vanquished.

Vanquished Creatures (collateral kills)
  An emperor scorpion (Shoals:4)
  A hydra (Lair:6)
  A tengu warrior (D:13)
  A sea snake (Shoals:2)
  2 orc knights (Orc:2)
  A faun (Shoals:3)
  An ugly thing (D:13)
  An elephant (Shoals:4)
  2 cyclopes
  3 merfolk sirens
  A rime drake (Shoals:4)
  3 merfolk (Shoals:4)
  2 dream sheep (Shoals:3)
  A hippogriff (Shoals:4)
  5 yaks (Lair:6)
  2 water elementals (Shoals:4)
  10 orc warriors (Orc:2)
  An ice beast (D:13)
  A centaur (Orc:2)
  3 killer bees (D:11)
  A jelly (Lair:6)
  4 orcs (Orc:2)
  2 plants (Shoals:4)
50 creatures vanquished.

Vanquished Creatures (others)
  Mara (Shoals:4)
  A swamp dragon (Lair:3)
  A merfolk siren (Shoals:3)
  A hornet (Lair:5)
  2 yaks
  Grum (D:10)
  An ice beast (D:10)
  A centaur (D:5)
  A crimson imp (D:5)
  4 ball lightnings
  2 orcs
  A kobold (D:5)
  9 demonic plants (Gauntlet)
  12 fungi
  35 plants
  A tentacle (Shoals:3)
  4 withered plants (Shoals:4)
78 creatures vanquished.

Grand Total: 1096 creatures vanquished

Notes
Turn   | Place    | Note
-------+----------+-------------------------------------------
     0 | D:1      | floatRand the Demonspawn Fighter began the quest for the
                  | Orb.
     0 | D:1      | Reached XP level 1. HP: 18/18 MP: 1/1
   305 | D:1      | Gained mutation: You are immune to rotting. [demonic
                  | ancestry]
   305 | D:1      | Reached XP level 2. HP: 22/24 MP: 2/2
   439 | D:1      | Reached skill level 1 in Stealth
   948 | D:2      | Gained mutation: You are partially covered in molten
                  | scales. (AC +2) [demonic ancestry]
   948 | D:2      | Reached XP level 3. HP: 29/29 MP: 3/3
  1144 | D:2      | Noticed Sigmund
  1166 | D:2      | Killed Sigmund
  1166 | D:2      | Reached XP level 4. HP: 35/35 MP: 4/4
  1166 | D:2      | Gained mutation: When hurt, damage is shared between your
                  | health and your magic reserves. [demonic ancestry]
  1166 | D:2      | Reached XP level 5. HP: 41/41 MP: 5/5
  1377 | D:2      | Found a bloodstained altar of Trog.
  1399 | D:2      | Found an iron altar of Okawaru.
  1717 | D:3      | Found a burning altar of Makhleb.
  1876 | D:3      | Found a hide-covered altar of Uskayaw.
  1960 | D:3      | Gained mutation: You may emit foul miasma when damaged in
                  | melee. [demonic ancestry]
  1960 | D:3      | Reached XP level 6. HP: 47/47 MP: 6/6
  2570 | D:3      | Found a shimmering altar of Xom.
  2896 | D:4      | You fall into a shaft and drop 3 floors!
  3171 | D:7      | Found a staircase to the Ecumenical Temple.
  3172 | D:7      | Noticed Prince Ribbit
  3172 | D:7      | Noticed an orc warrior
  3185 | Temple   | Entered the Ecumenical Temple
  3195 | Temple   | HP: 1/47 [orc warrior/+0 long sword (12)]
  3203 | Temple   | Killed an orc warrior
  3203 | Temple   | Reached XP level 7. HP: 2/52 MP: 0/7
  3688 | D:7      | Killed Prince Ribbit
  3688 | D:7      | Reached skill level 5 in Shields
  3907 | D:7      | Reached skill level 5 in Polearms
  4186 | D:7      | Noticed a yak
  4186 | D:7      | Noticed a hog
  4186 | D:7      | Noticed a human
  4186 | D:7      | Noticed a hog
  4186 | D:7      | Noticed a yak
  4204 | D:7      | Killed a yak
  4204 | D:7      | Reached skill level 5 in Stealth
  4204 | D:7      | Reached XP level 8. HP: 42/58 MP: 5/8
  4315 | D:7      | Noticed a hippogriff
  4327 | D:7      | Killed a hippogriff
  4630 | D:6      | Gained mutation: You have sharp toenails. [demonic
                  | ancestry]
  4630 | D:6      | Reached XP level 9. HP: 31/63 MP: 3/9
  4998 | D:5      | Entered Level 5 of the Dungeon
  5198 | D:5      | Noticed Pikel
  5210 | D:5      | Killed Pikel
  5279 | D:5      | You fall into a shaft and drop 3 floors!
  5280 | D:8      | Noticed a polar bear
  5307 | D:8      | Killed a polar bear
  5951 | D:7      | Identified a scroll of acquirement
  6264 | D:6      | Found a glowing golden altar of the Shining One.
  7337 | D:4      | Noticed Edmund
  7349 | D:4      | Killed Edmund
  7349 | D:4      | Gained mutation: You are mostly covered in molten scales.
                  | (AC +3) [demonic ancestry]
  7349 | D:4      | Reached XP level 10. HP: 63/70 MP: 8/10
  7395 | D:4      | Found a shattered altar of Ashenzari.
  7592 | D:7      | Noticed Joseph
  7604 | D:7      | Killed Joseph
  7965 | D:7      | Found a sparkling altar of Nemelex Xobeh.
  7972 | D:7      | Became a worshipper of Nemelex Xobeh the Trickster
  8025 | D:7      | Found a runed translucent gate.
  8026 | D:7      | Found a runed translucent gate.
  8027 | D:7      | Found a runed translucent gate.
  8029 | D:7      | Noticed grouchysmurf's ghost (novice OgTm)
  8049 | D:7      | Received a gift from Nemelex Xobeh
  8183 | D:7      | Reached skill level 1 in Invocations
  8419 | D:8      | Reached skill level 2 in Invocations
  8426 | D:8      | Found Efonwuc's Antique Weapon Shop.
  8432 | D:8      | Bought a translucent trident for 187 gold pieces
  8432 | D:8      | Identified the +9 trident "Eboynoh" {pierce, -Tele Dex+5}
                  | (You bought it in a shop on level 8 of the Dungeon)
  8587 | D:8      | Reached skill level 3 in Invocations
  8861 | D:8      | Reached * piety under Nemelex Xobeh
  8892 | D:8      | Received a gift from Nemelex Xobeh
  9203 | D:8      | Reached skill level 4 in Invocations
  9421 | D:9      | Reached skill level 5 in Invocations
  9468 | D:8      | Noticed an eye of devastation
  9468 | D:8      | a large slime creature changed into an eye of devastation
  9470 | D:8      | Noticed an unseen horror
  9470 | D:8      | an eye of devastation changed into an unseen horror
  9476 | D:8      | Killed an unseen horror
  9785 | D:9      | Reached skill level 6 in Invocations
  9916 | D:9      | Noticed a cyclops
  9926 | D:9      | Killed a cyclops
  9926 | D:9      | Reached XP level 11. HP: 41/75 MP: 9/16
  9982 | D:9      | Reached skill level 7 in Invocations
 10144 | D:9      | Found a staircase to the Lair.
 10587 | D:9      | Received a gift from Nemelex Xobeh
 10612 | D:9      | Reached skill level 8 in Invocations
 10770 | Lair:1   | Entered Level 1 of the Lair of Beasts
 10849 | Lair:1   | Reached ** piety under Nemelex Xobeh
 10973 | Lair:1   | Noticed Harold
 10990 | Lair:1   | Killed Harold
 11121 | Lair:1   | Received a gift from Nemelex Xobeh
 11141 | Lair:1   | Noticed Nergalle
 11158 | Lair:1   | Killed Nergalle
 11555 | Lair:2   | Reached skill level 9 in Invocations
 11662 | Lair:2   | Noticed a death yak
 11675 | Lair:2   | Killed a death yak
 11981 | Lair:2   | Received a gift from Nemelex Xobeh
 11997 | Lair:2   | Reached *** piety under Nemelex Xobeh
 12162 | Lair:2   | Noticed Urug
 12173 | Lair:2   | Killed Urug
 12173 | Lair:2   | Reached skill level 10 in Stealth
 12460 | Lair:2   | Reached skill level 10 in Invocations
 12959 | Lair:3   | Noticed a six-headed hydra
 12974 | Lair:3   | Killed a six-headed hydra
 12974 | Lair:3   | Reached XP level 12. HP: 23/81 MP: 4/19
 13185 | Lair:3   | Found a transporter.
 13441 | Lair:3   | Reached skill level 10 in Shields
 13544 | Lair:3   | Reached skill level 11 in Invocations
 13575 | Lair:3   | Reached skill level 10 in Polearms
 13974 | Lair:3   | Found a transporter.
 14134 | Lair:3   | Reached skill level 12 in Invocations
 14142 | Lair:3   | Got a pair of twisted gloves
 14370 | Lair:3   | Identified the +0 pair of gloves of the Lair of Beasts
                  | {+Inv MR+} (You found it on level 3 of the Lair of Beasts)
 14412 | Lair:4   | Noticed a seven-headed hydra
 14417 | Lair:4   | Found a staircase to the Shoals.
 14421 | Lair:4   | Killed a seven-headed hydra
 14998 | Lair:4   | Reached skill level 13 in Invocations
 15077 | Lair:4   | Found a staircase to the Snake Pit.
 15098 | Lair:4   | Received a gift from Nemelex Xobeh
 15157 | Lair:4   | Noticed a catoblepas
 15163 | Lair:4   | Noticed a death yak
 15179 | Lair:4   | Killed a catoblepas
 15188 | Lair:4   | Killed a death yak
 15532 | Lair:4   | Gained mutation: You regenerate magic rapidly. [demonic
                  | ancestry]
 15532 | Lair:4   | Reached XP level 13. HP: 86/86 MP: 23/23
 15590 | Lair:4   | Reached **** piety under Nemelex Xobeh
 16134 | Lair:5   | Reached skill level 14 in Invocations
 16539 | Lair:5   | Received a gift from Nemelex Xobeh
 17039 | Lair:5   | Received a gift from Nemelex Xobeh
 17259 | Lair:5   | Reached ***** piety under Nemelex Xobeh
 17259 | Lair:5   | Received a gift from Nemelex Xobeh
 17298 | Lair:5   | Noticed Kirke
 17302 | Lair:5   | Noticed Kirke
 17302 | Lair:5   | Kirke changed into Kirke the fire giant
 17307 | Lair:5   | Reached skill level 15 in Invocations
 17315 | Lair:5   | Killed Kirke the fire giant
 17562 | Lair:6   | Entered Level 6 of the Lair of Beasts
 17964 | Lair:6   | Reached skill level 1 in Dodging
 18349 | Lair:6   | Found a staircase to the Slime Pits.
 18428 | Lair:6   | Gained mutation: When low on magic, you restore magic in
                  | place of health. [demonic ancestry]
 18428 | Lair:6   | Reached XP level 14. HP: 68/93 MP: 25/25
 18686 | Lair:6   | Got an iridescent hand axe
 18794 | Lair:6   | Reached skill level 16 in Invocations
 18855 | Lair:6   | Got a warped marble ring
 18861 | Lair:6   | Got a polished scale mail
 18862 | Lair:6   | Identified the cursed +1 scale mail of the Arcane {Dex+2}
                  | (You found it on level 6 of the Lair of Beasts)
 18863 | Lair:6   | Identified the ring of Fuskootz {rF+ rC+} (You found it on
                  | level 6 of the Lair of Beasts)
 19040 | Lair:6   | Identified the +5 hand axe of the Ass {pain, rN+ SInv} (You
                  | found it on level 6 of the Lair of Beasts)
 19166 | D:10     | Entered Level 10 of the Dungeon
 19225 | D:10     | Noticed Grum
 19228 | D:10     | Killed Grum
 19260 | D:10     | Found a flagged portal.
 19267 | D:10     | Received a gift from Nemelex Xobeh
 19270 | Bailey   | Entered a bailey
 19499 | D:10     | Found a runed translucent gate.
 19500 | D:10     | Found a runed translucent gate.
 19500 | D:10     | Found a runed translucent gate.
 19623 | D:10     | Found a staircase to the Orcish Mines.
 19677 | D:10     | Received a gift from Nemelex Xobeh
 19750 | D:10     | Found Celura's Antique Armour Boutique.
 20196 | D:10     | Found a runed translucent gate.
 20196 | D:10     | Found a runed translucent gate.
 20204 | D:10     | Found a runed translucent gate.
 20204 | D:10     | Noticed semitonal's ghost (journeyman DsFE)
 20242 | D:10     | Killed semitonal's ghost
 20579 | D:11     | Received a gift from Nemelex Xobeh
 20850 | D:11     | Found a gate leading to a gauntlet.
 20857 | D:11     | Received a gift from Nemelex Xobeh
 20859 | Gauntlet | Entered a Gauntlet
 20859 | Gauntlet | Found a transporter.
 20859 | Gauntlet | Found a transporter.
 20997 | Gauntlet | Reached ****** piety under Nemelex Xobeh
 20998 | Gauntlet | Found a transporter.
 20998 | Gauntlet | Found a transporter.
 21007 | Gauntlet | Found a transporter.
 21028 | Gauntlet | Found a transporter.
 21035 | Gauntlet | Received a gift from Nemelex Xobeh
 21036 | Gauntlet | Found a transporter.
 21038 | Gauntlet | Found a transporter.
 21039 | Gauntlet | Found a transporter.
 21055 | Gauntlet | Found a transporter.
 21082 | Gauntlet | Found a transporter.
 21112 | Gauntlet | Found a transporter.
 21157 | Gauntlet | Found a transporter.
 21176 | Gauntlet | Found a transporter.
 21252 | Gauntlet | Found a transporter.
 21266 | Gauntlet | Found a transporter.
 21958 | Gauntlet | Identified the Almanac of Dusty Air
 22092 | D:11     | Identified the Incunabulum of Igneous Displacement
 22120 | D:11     | Received a gift from Nemelex Xobeh
 22228 | D:11     | Received a gift from Nemelex Xobeh
 22365 | D:12     | Received a gift from Nemelex Xobeh
 22397 | D:12     | Noticed Maurice
 22402 | D:12     | Killed Maurice
 22460 | D:12     | Reached skill level 5 in Armour
 22494 | D:12     | Found a portal to a secret trove of treasure.
 22673 | D:12     | Found a transporter.
 22684 | D:12     | Found a transporter.
 22686 | D:12     | Noticed a vampire knight
 22745 | D:12     | Received a gift from Nemelex Xobeh
 22753 | D:12     | Noticed floatRand's ghost (novice DsFi)
 22914 | D:12     | Received a gift from Nemelex Xobeh
 23281 | D:12     | Received a gift from Nemelex Xobeh
 23645 | D:13     | Noticed Erolcha
 23653 | D:13     | Killed Erolcha
 23917 | D:13     | Identified the +1 trident "Wumiroc" {venom, rC+}
 23975 | D:13     | Found a frozen archway.
 23993 | IceCv    | Entered an ice cave
 24153 | IceCv    | Reached skill level 5 in Dodging
 24153 | IceCv    | Reached XP level 15. HP: 83/98 MP: 22/27
 24897 | D:13     | Reached skill level 17 in Invocations
 25438 | D:14     | Got a steaming long sword
 25441 | D:14     | Identified the +0 long sword of Reinforcement {slice, rN+
                  | Dex+2} (You found it on level 14 of the Dungeon)
 25475 | D:14     | Noticed Rupert
 25491 | D:14     | Killed Rupert
 25741 | D:14     | Found a gate to the Vaults.
 25806 | D:14     | Received a gift from Nemelex Xobeh
 25875 | D:14     | Noticed Agnes
 25878 | D:14     | Killed Agnes
 25994 | D:15     | Entered Level 15 of the Dungeon
 26000 | D:15     | Got a slimy jade amulet
 26001 | D:15     | Identified the amulet "Eguxula" {Acrobat *Corrode MP+9
                  | Slay+3} (You found it on level 15 of the Dungeon)
 26006 | D:15     | Received a gift from Nemelex Xobeh
 26298 | D:15     | Received a gift from Nemelex Xobeh
 26518 | D:15     | Found a staircase to the Depths.
 26766 | D:15     | Received a gift from Nemelex Xobeh
 27097 | Orc:1    | Entered Level 1 of the Orcish Mines
 27495 | Orc:2    | Entered Level 2 of the Orcish Mines
 27556 | Orc:2    | Identified the -1 trident of Peace {pierce, rPois}
 28075 | Orc:2    | Received a gift from Nemelex Xobeh
 28207 | Orc:2    | Found Cijy's Antique Weapon Boutique.
 28207 | Orc:2    | Found Kebeyse's General Store.
 28209 | Orc:2    | Found Pisumakae's Weapon Emporium.
 28211 | Orc:2    | Found Reongat's Distillery.
 28225 | Orc:2    | Bought a potion of haste for 130 gold pieces
 28225 | Orc:2    | Bought a potion of haste for 130 gold pieces
 28225 | Orc:2    | Bought a potion of curing for 39 gold pieces
 28227 | Orc:2    | Bought a warped triple sword for 405 gold pieces
 28228 | Orc:2    | Bought a wand of digging (3) for 196 gold pieces
 28228 | Orc:2    | Bought a scroll of holy word for 105 gold pieces
 28228 | Orc:2    | Bought a scroll of teleportation for 42 gold pieces
 28228 | Orc:2    | Bought a potion of haste for 140 gold pieces
 28228 | Orc:2    | Bought a potion of curing for 42 gold pieces
 28326 | Orc:2    | Found a staircase to the Elven Halls.
 28439 | Orc:2    | Identified the +3 triple sword of Ecsill {protect, +Fly
                  | rElec rF-} (You bought it in a shop on level 2 of the
                  | Orcish Mines)
 28589 | Snake:1  | Entered Level 1 of the Snake Pit
 28589 | Snake:1  | Received a gift from Nemelex Xobeh
 28820 | Shoals:1 | Entered Level 1 of the Shoals
 28998 | Shoals:1 | Received a gift from Nemelex Xobeh
 29426 | Shoals:2 | Gained mutation: You have razor-sharp toenails. [demonic
                  | ancestry]
 29426 | Shoals:2 | Reached XP level 16. HP: 98/104 MP: 28/28
 29911 | Shoals:2 | Received a gift from Nemelex Xobeh
 29970 | Shoals:2 | Reached skill level 18 in Invocations
 31136 | Shoals:2 | Found a hide-covered altar of Uskayaw.
 31474 | Shoals:3 | Noticed a kraken
 31492 | Shoals:3 | Killed a kraken
 32166 | Shoals:3 | Noticed Ilsuiw
 32189 | Shoals:3 | Killed Ilsuiw
 32750 | Shoals:4 | Entered Level 4 of the Shoals
 32750 | Shoals:4 | Noticed Mara
 32757 | Shoals:4 | Noticed floatRand's illusion
 32769 | Shoals:4 | Noticed floatRand's illusion
 32786 | Shoals:4 | Killed Mara
 33002 | Shoals:4 | Received a gift from Nemelex Xobeh
 33016 | Shoals:4 | Noticed Polyphemus
 33032 | Shoals:4 | Killed Polyphemus
 33939 | Shoals:4 | HP: 5/104 [twister/tornado[a card of wild magic] (3)]
 33940 | Shoals:4 | HP: 2/104 [twister/tornado[a card of wild magic] (1)]
 34529 | Shoals:4 | Noticed Roxanne
 34651 | Shoals:4 | Identified the +4 war axe of Ruination {drain, rElec rPois
                  | rN+}
 34660 | Shoals:4 | Reached XP level 17. HP: 109/109 MP: 30/30
 34955 | Shoals:4 | Received a gift from Nemelex Xobeh
 35247 | Shoals:4 | Found a runed translucent gate.
 35247 | Shoals:4 | Found a runed translucent gate.
 35247 | Shoals:4 | Found a runed translucent gate.
 35251 | Shoals:4 | Noticed skk's ghost (adept FoFi)
 35251 | Shoals:4 | Noticed Iscandelvey's ghost (adept DsAM)
 35252 | Shoals:4 | Noticed zhorgal's ghost (adept MiFi)
 35267 | Shoals:4 | Identified the -1 hand axe "Soaf" {antimagic, rF+}
 35286 | Shoals:4 | Killed zhorgal's ghost
 35286 | Shoals:4 | Reached skill level 19 in Invocations
 35297 | Shoals:4 | Killed skk's ghost
 35337 | Shoals:4 | Killed Iscandelvey's ghost
 35737 | Shoals:4 | Identified the ring "Cempeg" {+Fly Int+3 Dex+4} (You found
                  | it on level 4 of the Shoals)
 36381 | Shoals:4 | Killed Roxanne
 36621 | Shoals:4 | Got a barnacled rune of Zot
 36958 | D:12     | You paid a toll of 16 scrolls of teleportation to enter a
                  | treasure trove
 36959 | Trove    | Entered a treasure trove
 36968 | Trove    | Got a warped hat
 36970 | Trove    | Got a smoking bronze amulet
 37017 | D:12     | Identified the +2 hat of Recklessness {rN+++ Str-5} (You
                  | found it in a treasure trove)
 37018 | D:12     | Identified the amulet "Fank" {+Rage rElec MP+9} (You found
                  | it in a treasure trove)
 37087 | Vaults:1 | Entered Level 1 of the Vaults
 37409 | Vaults:1 | Reached skill level 5 in Fighting
 37566 | Vaults:1 | Reached skill level 1 in Evocations
 37667 | Vaults:1 | Found Viquif's Magic Scroll Boutique.
 37688 | Vaults:1 | Reached skill level 10 in Armour
 37694 | Vaults:1 | Bought a scroll of magic mapping for 63 gold pieces
 37694 | Vaults:1 | Bought a scroll of enchant weapon for 135 gold pieces
 37694 | Vaults:1 | Bought a scroll of summoning for 171 gold pieces
 37694 | Vaults:1 | Bought a scroll of fear for 63 gold pieces
 37694 | Vaults:1 | Bought a scroll of magic mapping for 63 gold pieces
 37694 | Vaults:1 | Bought a scroll of teleportation for 54 gold pieces
 37699 | Vaults:1 | Received a gift from Nemelex Xobeh
 37766 | Vaults:1 | HP: 4/115 [deep troll simulacrum (4)]
 37767 | Vaults:1 | Slain by a deep troll simulacrum

Levels and vault maps discovered:
D:1:      minmay_arrival_radiant_lines, layout_basic, st_stairs_4
D:2:      kennysheep_big_flooded_room, layout_basic, lightli_temple_of_fire,
          hangedman_decor_opposing, kennysheep_okawaru_gauntlet, uniq_sigmund
D:3:      layout_loops_corners, lemuel_coloured_pillars_altar,
          makhleb_heckhound_becter, overflow_temple_1_default, item_on_display_a
D:4:      layout_rooms, ashenzari_altar_1, first_ration, uniq_edmund
D:5:      layout_loops_ring, nrook_mini_vaults, minivault_25, uniq_pikel
D:6:      layout_basic, nicolae_overflow_crystal_walls
D:7:      layout_basic, nemelex_xobeh_ov_fountains_minmay,
          minmay_temple_entry_statues_pillars, ebering_ghost_rock_garden,
          grunt_livestock, uniq_prince_ribbit1, uniq_joseph
D:8:      layout_loops_ring, serial_ice, serial_ice_b, serial_ice_f,
          serial_ice_e, serial_ice_h, serial_ice_n, serial_ice_j, serial_ice_a,
          serial_shops, shop, water_boxes_lemuel
D:9:      layout_basic, lair_entry_dummy, nicolae_sextant
D:10:     layout_gridville, erik_orc_4, serial_shops, shop_statue,
          ploomutoo_gammafunk_ghost_potion_laboratory, enter_bailey_6, uniq_grum
D:11:     layout_big_octagon, serial_column_ruins, column_ruins_circle_medium,
          column_ruins_hut_pillars, column_ruins_columns_corner,
          column_ruins_corridor_straight, column_ruins_open_tiny,
          column_ruins_open_tiny, column_ruins_columns_dead_end,
          column_ruins_corridor_plus, column_ruins_open_medium,
          gauntlet_entry_generic, hex_large
D:12:     layout_stronghold, nicolae_trove_entry_path_of_doom,
          gammafunk_ghost_mausoleum, uniq_maurice
D:13:     minmay_stone_box, layout_loops_ring,
          portal_ice_cave_entry_animals_and_master, uniq_erolcha
D:14:     layout_loops_ring, david_vaults_2, uniq_agnes, uniq_rupert
D:15:     grunt_enter_depths_snipers, layout_basic, minmay_crystal_room
Temple:   jpeg_temple_clearing
Lair:1:   layout_hall_layers, fungi_pond_lemuel, minmay_stone_trees_medium,
          uniq_nergalle, uniq_harold
Lair:2:   layout_layer_cave, minivault_24, kennysheep_abandoned_house,
          infiniplex_staircase_pool, grunt_megastairs_3, serial_bayou_shore_b,
          uniq_urug
Lair:3:   gammafunk_cloud_chamber, layout_cave_shapes
Lair:4:   layout_misc_corridors, elwin_shoals_entry_rocks, dummy_snake_entry,
          chequers_serial_rivers_room_a, nicolae_lair_yak_garden
Lair:5:   layout_loops_ring, gammafunk_lair_bear_cave, lemuel_fruit_tree,
          grunt_megastairs_5, uniq_kirke
Lair:6:   grunt_lair_end_beastmaster, layout_cave_shapes,
          minmay_slime_entry_pillars
Shoals:1: layout_shoals, nicolae_shoals_loop_pool
Shoals:2: layout_shoals, regret_index_shoals_crete
Shoals:3: layout_shoals, uniq_ilsuiw
Shoals:4: shoals_end_grunt_ice, layout_shoals, gammafunk_ghost_cemetery,
          nicolae_shoals_seven_spires, uniq_mara, uniq_roxanne, uniq_polyphemus
Snake:1:  layout_layer_cave, serial_bayou_shore_b, uniq_aizul
Orc:1:    layout_caves, uniq_josephine
Orc:2:    st_orc_rangers, layout_caves, special_room
Vaults:1: ontoclasm_vaults_idyll, st_eye, v_misc_32, v_misc_11, v_misc_19,
          hangedman_vaults_nails, v_misc_19, nicolae_vaults_little_ls,
          vaults_room_grunt_arrival_ludios, v_misc_30,
          nicolae_vaults_border_crossing, vaults_dpeg_ring,
          layout_vaults_big_room, serial_shops, shop

Skill      XL: |  1  2  3  4  5  6  7  8  9 10 11 12 13 14 15 16 17 |
---------------+----------------------------------------------------+-----
Polearms       | 2 3 4 5 6 7 8 9 10 11 12 13 14 | 14.2
Stealth        | 1 2 3 5 6 8 9 10 | 10.8
Shields        | 3 4 5 6 8 9 10 11 12 13 14 | 14.7
Invocations    | 6 10 13 15 16 17 18 19 | 19.4
Armour         | 3 5 7 9 10 | 10.0
Dodging        | 1 5 7 8 9 |  9.6
Fighting       | 5 |  5.4
Evocations     | 1 |  1.6

Action                   |  1- 3 |  4- 6 |  7- 9 | 10-12 | 13-15 | 16-18 || total
-------------------------+-------+-------+-------+-------+-------+-------++-------
Melee: Trident           |   115 |   165 |   279 |   573 |  1520 |  1051 ||  3703
       Kick              |       |       |    37 |   191 |   143 |       ||   371
 Abil: Draw Destruction  |       |       |       |    16 |    33 |    38 ||    87
       Draw Escape       |       |       |       |       |     3 |     6 ||     9
       Draw Summoning    |       |       |       |       |     4 |    10 ||    14
Evoke: Wand              |       |     1 |     8 |       |       |     1 ||    10
  Use: Potion            |     2 |     1 |     1 |     2 |     4 |     3 ||    13
       Scroll            |       |       |    21 |    18 |    25 |     7 ||    71
 Stab: Sleeping          |       |       |     3 |    13 |    33 |     5 ||    54
       Distracted        |       |       |     2 |     5 |     6 |     3 ||    16
       Petrified         |       |       |       |     1 |    10 |       ||    11
       Petrifying        |       |       |       |       |     1 |       ||     1
       Invisible         |       |       |       |       |     2 |       ||     2
  Eat: Chunk             |     1 |     7 |    13 |    18 |    28 |    15 ||    82
       Ration            |       |       |       |     2 |     6 |     4 ||    12
Armor: Scale mail        |    55 |    43 |    68 |    97 |       |       ||   263
       Swamp dragon scal |       |       |       |    27 |   381 |   280 ||   688
Dodge: Dodged            |    30 |    50 |    60 |    93 |   356 |   410 ||   999
       Deflected         |       |       |       |     1 |    47 |    31 ||    79
Block: Shield            |    66 |    68 |   118 |   173 |       |       ||   425
       Large shield      |       |       |       |   203 |  1375 |   971 ||  2549

Table legend:
 A = Non-vault XP
 B = Vault XP
 C = Vault XP percentage of total XP
 D = Non-vault monster count
 E = Vault monster count
 F = Vault count percentage of total count
                 A         B        C        D         E       F
            +---------+---------+-------+---------+---------+-------
      Total |  161714 |  116459 |  41.9 |     708 |     308 |  30.3
            +---------+---------+-------+---------+---------+-------
        D:1 |      24 |       5 |  17.2 |      10 |       3 |  23.1
        D:2 |      46 |     229 |  83.3 |      13 |       5 |  27.8
        D:3 |     152 |      42 |  21.6 |      17 |       1 |   5.6
        D:4 |     410 |     164 |  28.6 |      17 |       1 |   5.6
        D:5 |     489 |     593 |  54.8 |      24 |       1 |   4.0
        D:6 |     577 |       0 |   0.0 |      13 |       0 |   0.0
        D:7 |    1453 |    1699 |  53.9 |      29 |       7 |  19.4
        D:8 |    1946 |     784 |  28.7 |      22 |       8 |  26.7
        D:9 |    4986 |       0 |   0.0 |      42 |       0 |   0.0
       D:10 |     787 |    5155 |  86.8 |      12 |      29 |  70.7
       D:11 |    5649 |       0 |   0.0 |      34 |       0 |   0.0
       D:12 |    5291 |     665 |  11.2 |      35 |       2 |   5.4
       D:13 |    6749 |    3895 |  36.6 |      42 |      13 |  23.6
       D:14 |   11984 |    7627 |  38.9 |      27 |       5 |  15.6
       D:15 |   10855 |    2306 |  17.5 |      30 |       3 |   9.1
     Temple |     169 |       0 |   0.0 |       2 |       0 |   0.0
     Lair:1 |     231 |    1814 |  88.7 |       2 |       2 |  50.0
     Lair:2 |    2690 |    2182 |  44.8 |      11 |      20 |  64.5
     Lair:3 |    6428 |    3152 |  32.9 |      30 |       6 |  16.7
     Lair:4 |   10306 |    2410 |  19.0 |      31 |       5 |  13.9
     Lair:5 |    9525 |    4762 |  33.3 |      27 |      14 |  34.1
     Lair:6 |    7672 |    9241 |  54.6 |      32 |      20 |  38.5
   Shoals:1 |    7010 |       0 |   0.0 |      15 |       0 |   0.0
   Shoals:2 |    7864 |    7120 |  47.5 |      20 |      14 |  41.2
   Shoals:3 |   17533 |    6162 |  26.0 |      34 |       8 |  19.0
   Shoals:4 |   23736 |   35878 |  60.2 |      51 |      39 |  43.3
      Orc:1 |    1677 |       0 |   0.0 |      26 |       0 |   0.0
      Orc:2 |    2100 |    5044 |  70.6 |      34 |      39 |  53.4
   Vaults:1 |   13375 |    9053 |  40.4 |      26 |      11 |  29.7
     Bailey |       0 |     735 | 100.0 |       0 |      32 | 100.0
      IceCv |       0 |    2856 | 100.0 |       0 |      11 | 100.0
   Gauntlet |       0 |    2886 | 100.0 |       0 |       9 | 100.0
            +---------+---------+-------+---------+---------+-------
